 Dungeon Crawl Stone Soup version 0.17-a0-1763-g847a857 (console) character file.

13071 Illiel the Archer (level 11, -2/72 HPs)
             Began as a High Elf Arcane Marksman on Sept 4, 2015.
             Was a High Priest of Okawaru.
             Slain by a seven-headed hydra (5 damage)
             ... on level 2 of the Lair of Beasts on Sept 5, 2015.
             The game lasted 01:50:17 (16220 turns).

Illiel the Archer (High Elf Arcane Marksman)       Turns: 16220, Time: 01:50:17

Health: -2/72      AC: 11    Str: 10    XL:     11   Next: 70%
Magic:  11/21      EV: 17    Int: 17    God:    Okawaru [*****.]
Gold:   568        SH:  0    Dex: 19    Spells: 5 memorised, 10 levels left

rFire  . . .     SeeInvis .     a - +0 longbow
rCold  + . .     Clarity  .     S - +1 leather armour {rC+}
rNeg   . . .     SustAt   +     (no shield)
rPois  .         Gourm    .     o - +2 helmet
rElec  .         Spirit   .     v - +1 cloak
rCorr  .         Warding  .     (no gloves)
rMut   .         Stasis   .     K - +0 pair of boots {Fly}
MR     +....                    (no amulet)
Stlth  +++.......               u - ring of wizardry
                                h - ring of sustain attributes

@: about to teleport, flying, very slightly contaminated, somewhat resistant to
hostile enchantments, fairly stealthy
A: no striking features
a: Heroism, Finesse, Renounce Religion, Stop Flying


You were on level 2 of the Lair of Beasts.
You worshipped Okawaru.
Okawaru was extremely pleased with you.
You were hungry.

You visited 3 branches of the dungeon, and saw 13 of its levels.
You also visited: Ossuary and Volcano.

You collected 568 gold pieces.

Inventory:

Hand weapons
 a - a +0 longbow (weapon)
 b - a +2 falchion of holy wrath
 J - a +1 shortbow of flaming
Missiles
 x - 50 arrows of flame (quivered)
 y - 122 arrows
 E - 7 arrows of frost
 U - 20 arrows of dispersal
Armour
 o - a +2 helmet (worn)
 v - a +1 cloak (worn)
 K - a +0 pair of boots of flying (worn)
 S - a +1 leather armour of cold resistance (worn)
Magical staves
 M - an uncursed staff of cold {unknown}
Jewellery
 h - a ring of sustain attributes (left hand)
 u - a ring of wizardry (right hand)
Magical devices
 N - a wand of enslavement (14)
 Q - a wand of enslavement (16)
 T - a wand of digging (11)
Scrolls
 c - a scroll of identify
 i - a scroll of teleportation
 n - 4 scrolls of fog
 w - 3 scrolls of enchant armour
Potions
 f - 3 potions of degeneration
 l - 4 potions of poison
 p - 3 potions of berserk rage
 q - a potion of agility {unknown}
 t - 2 potions of resistance {unknown}
 B - a potion of flight {unknown}
 C - 2 potions of brilliance {unknown}
 D - a potion of beneficial mutation {unknown}
 F - a potion of cancellation {unknown}
 H - a potion of lignification {unknown}
 I - 3 potions of curing
 P - a potion of ambrosia {unknown}
 R - a potion of invisibility {unknown}
Comestibles
 e - 9 bread rations
 j - 3 royal jellies
 k - a slice of pizza
 r - 7 meat rations
 z - 4 beef jerkies
 A - 3 fruits


   Skills:
 + Level 5.9 Fighting
 + Level 5.8 Long Blades
 * Level 11.1 Bows
 + Level 4.3 Armour
 + Level 7.0 Dodging
 + Level 5.8 Stealth
 + Level 6.6 Spellcasting
 + Level 6.5 Hexes
 + Level 5.3 Fire Magic
 + Level 4.3 Invocations
 + Level 5.0 Evocations


You had 10 spell levels left.
You knew the following spells:

 Your Spells              Type           Power        Failure   Level  Hunger
a - Corona                Hex            ####...      1%          1    None
b - Slow                  Hex            ####....     1%          2    None
c - Inner Flame           Hex/Fire       ####....     1%          3    ##.....
d - Conjure Flame         Conj/Fire      ##......     7%          3    ##.....
R - Cause Fear            Hex            ####......   4%          4    ####...


Dungeon Overview and Level Annotations

Branches:
Dungeon (10/15)            Temple (1/1) D:6            Lair (2/8) D:8
    Orc: D:9-12

Altars:
Ashenzari
Cheibriados
Dithmenos
Elyvilon
Fedhas
Gozag
Kikubaaqudgha
Makhleb
Nemelex Xobeh
Okawaru
Qazlal
Ru
Sif Muna
Trog
Vehumet
Xom
Yredelemnul
Zin
The Shining One
Beogh

Shops:
D:6 [   D:7 }   D:10 }

Annotations:
D:9 Leibowitz's ghost, experienced DgGl
Lair:2 Gargoyl's ghost, powerful DsAK


Message History

The seven-headed hydra bites you but does no damage.
The seven-headed hydra bites you.
The seven-headed hydra closely misses you.
The seven-headed hydra bites you! x2
The seven-headed hydra bites you but does no damage.
The seven-headed hydra misses you. x2
The seven-headed hydra bites you but does no damage.
Read which item? (? for menu, Esc to quit)
As you read the scroll of teleportation, it crumbles to dust.
You feel strangely unstable.
The seven-headed hydra closely misses you.
The seven-headed hydra bites you but does no damage. x2
The seven-headed hydra bites you!
* * * LOW HITPOINT WARNING * * *
The seven-headed hydra bites you!
* * * LOW HITPOINT WARNING * * *
The seven-headed hydra bites you!
* * * LOW HITPOINT WARNING * * *
The seven-headed hydra bites you.
You die...

▒▒▒▒ ∙▒∙ ▒▒▒∙∙▒▒▒▒
∙∙∙∙∙▒▒▒∙∙∙∙∙∙∙▒
∙∙∙∙∙∙▒∙▒∙∙∙∙▒∙∙▒
∙∙∙∙∙∙∙∙∙∙∙∙∙∙▒
▒∙∙∙∙∙∙∙∙∙∙∙∙∙▒ ▒▒
▒∙∙∙∙∙∙∙∙∙∙∙∙▒▒▒▒∙
▒∙∙∙∙∙∙∙%∙∙∙∙∙▒∙▒
▒▒∙∙∙∙∙∙∙∙∙∙∙∙∙>∙∙
▒▒∙[∙∙∙∙∙∙∙∙∙∙∙∙∙∙∙
▒∙∙∙∙∙∙∙∙∙∙∙∙∙∙∙∙∙∙
▒▒∙∙∙∙∙∙∙∙∙∙∙∙∙∙∙P∙
▒▒▒▒▒
▒▒∙▒∙∙∙∙∙∙∙∙∙∙∙∙∙∙P∙
∙▒▒∙▒▒▒▒▒
▒∙∙▒∙∙∙∙∙∙∙∙∙∙∙∙∙∙▒∙
∙∙∙∙∙∙∙∙▒
▒∙D@∙∙∙∙∙∙∙∙∙∙∙∙∙∙∙∙
∙∙∙∙∙∙∙∙▒▒
▒▒∙▒▒▒∙∙∙∙∙∙∙∙∙∙∙∙∙∙∙
∙∙∙∙∙∙∙∙∙▒▒ ▒∙∙▒
▒▒∙∙∙∙∙∙∙∙∙∙∙∙∙∙
∙∙∙∙∙∙∙∙∙P▒▒▒∙▒▒
▒(∙∙∙∙∙∙∙∙∙∙∙∙∙
∙∙∙∙∙∙∙∙∙▒▒∙∙∙▒
▒▒∙∙∙∙∙∙∙[∙∙∙∙▒
∙∙∙∙∙∙∙∙∙∙▒∙[P▒
▒∙∙∙∙∙∙∙∙∙∙∙∙
∙∙∙∙∙∙∙∙∙∙∙∙∙▒▒
∙∙∙∙∙∙∙∙∙∙▒▒
∙∙∙∙∙∙∙∙∙∙∙∙∙▒
▒∙∙∙∙∙∙∙∙∙▒
∙∙∙∙∙∙∙∙∙∙∙∙▒▒
▒∙∙∙∙∙∙∙▒▒
∙∙∙∙∙∙∙∙∙∙∙∙▒
▒▒▒∙∙∙∙∙▒▒
∙∙∙∙∙∙∙∙∙∙∙▒▒
▒∙▒▒∙▒▒▒∙
∙∙∙∙∙∙∙∙∙∙▒▒
▒▒▒∙∙∙▒∙∙
P∙∙∙∙∙∙∙∙∙▒▒ ▒▒∙∙▒▒∙∙
∙∙∙∙∙∙∙∙∙∙∙▒ ▒P∙▒▒▒∙∙
∙∙∙∙∙∙∙∙∙∙▒▒ ▒▒∙∙▒
▒∙∙ ∙∙∙∙∙∙∙∙(∙∙▒
▒∙∙∙▒ ▒∙∙
∙∙∙∙∙∙∙∙∙∙∙▒▒ ▒▒∙∙▒▒
▒P∙


You could see a seven-headed hydra.

Vanquished Creatures
  An orc knight (D:10)
  4 hill giants (D:10)
  A centaur zombie (D:10)
  A komodo dragon (Lair:1)
  2 spiny frogs (Lair:1)
  A troll (D:10)
  A wraith (D:10)
  Eustachio (D:6)
  A wyvern (D:9)
  3 hippogriffs
  11 yaks
  A basilisk (Lair:2)
  2 water moccasins
  4 wolves (Lair:1)
  3 porcupines (Lair:1)
  4 orc warriors
  6 phantoms
  2 black bears
  2 ice beasts (D:10)
  6 ogres
  A sky beast (D:10)
  4 centaurs
  2 crocodiles
  An elf zombie (Ossuary)
  A big kobold (D:7)
  8 giant frogs
  5 scorpions
  9 killer bees
  A wyvern skeleton (D:7)
  A water moccasin skeleton (D:4)
  4 crimson imps
  A wasp zombie (D:9)
  10 hounds
  12 orc wizards
  2 human zombies (Ossuary)
  6 orc priests
  A giant frog zombie (D:6)
  3 jellies
  7 iguanas
  3 worker ants
  A killer bee zombie (D:6)
  2 big kobold zombies (Ossuary)
  A hound zombie (D:8)
  4 mummies (Ossuary)
  2 hound skeletons (D:6)
  18 adders
  4 gnolls
  7 river rats (Lair:1)
  7 shadow imps
  An adder zombie (Ossuary)
  3 adder skeletons
  2 worms (D:2)
  7 giant geckos
  52 orcs
  4 ball pythons
  A gnoll zombie (Ossuary)
  5 hobgoblins
  19 jackals
  11 kobolds
  A ball python skeleton (D:4)
  13 bats
  7 giant cockroaches
  A giant gecko zombie (D:8)
  5 giant newts
  4 goblins
  A goblin zombie (Ossuary)
  A jackal skeleton (D:7)
  2 jackal zombies (Ossuary)
  A kobold zombie (Ossuary)
  A quokka (D:8)
  A quokka zombie (D:9)
  9 rats
  A rat zombie (Ossuary)
  A fungus (Lair:1)
339 creatures vanquished.

Vanquished Creatures (others)
  6 fungi (Lair:1)
6 creatures vanquished.

Grand Total: 345 creatures vanquished

Notes
Turn   | Place    | Note
--------------------------------------------------------------
     0 | D:1      | Illiel the High Elf Arcane Marksman began the quest for the Orb.
     0 | D:1      | Reached XP level 1. HP: 13/13 MP: 3/3
   280 | D:1      | Reached XP level 2. HP: 18/18 MP: 3/5
   284 | D:1      | Learned a level 2 spell: Slow
  1056 | D:1      | Reached XP level 3. HP: 17/23 MP: 2/7
  1078 | D:1      | Learned a level 3 spell: Inner Flame
  1243 | D:2      | Reached skill level 4 in Bows
  1305 | D:2      | Reached XP level 4. HP: 28/28 MP: 5/8
  1316 | D:2      | Found a faded altar to an unknown god.
  1571 | D:2      | Found a sparkling altar of Nemelex Xobeh.
  1589 | D:2      | Found a basalt altar of Yredelemnul.
  1590 | D:2      | Found a stormy altar of Qazlal.
  1594 | D:2      | Found a sacrificial altar of Ru.
  1702 | D:2      | Reached XP level 5. HP: 32/34 MP: 5/9
  1942 | D:3      | Reached skill level 5 in Bows
  2486 | D:4      | Reached XP level 6. HP: 19/40 MP: 5/10
  3068 | D:4      | Reached skill level 1 in Fire Magic
  3584 | D:4      | Reached skill level 1 in Stealth
  3672 | D:5      | Entered Level 5 of the Dungeon
  3691 | D:5      | Reached skill level 1 in Long Blades
  3711 | D:5      | Found a white marble altar of Elyvilon.
  3930 | D:5      | Reached XP level 7. HP: 41/45 MP: 12/12
  4530 | D:5      | Reached skill level 6 in Bows
  4991 | D:6      | Found a staircase to the Ecumenical Temple.
  5006 | Temple   | Entered the Ecumenical Temple
  5063 | Temple   | Became a worshipper of Warmaster Okawaru
  5154 | D:6      | Reached skill level 1 in Armour
  5174 | D:6      | Found a burning altar of Makhleb.
  5441 | D:6      | Found a shadowy altar of Dithmenos.
  5536 | D:6      | Reached XP level 8. HP: 47/52 MP: 13/15
  5634 | D:6      | Noticed Eustachio
  5670 | D:6      | Killed Eustachio
  5929 | D:6      | Found Bumae's Armour Shop.
  6012 | D:7      | Acquired Okawaru's first power
  6012 | D:7      | Reached skill level 7 in Bows
  6051 | D:6      | Reached skill level 1 in Evocations
  6242 | D:7      | Found a radiant altar of Vehumet.
  6724 | D:6      | Reached skill level 1 in Invocations
  6771 | D:6      | Reached skill level 5 in Dodging
  7020 | D:7      | Found Kujycviu's Gadget Shop.
  7256 | D:6      | Reached XP level 9. HP: 15/58 MP: 13/16
  7569 | D:7      | Reached skill level 8 in Bows
  8137 | D:8      | Found a staircase to the Lair.
  8150 | D:8      | Reached skill level 5 in Hexes
  8169 | D:8      | Learned a level 3 spell: Conjure Flame
  8257 | D:8      | Found a sand-covered staircase.
  8270 | Ossuary  | Entered an ossuary
  8533 | Lair:1   | Entered Level 1 of the Lair of Beasts
  8568 | Lair:1   | Reached skill level 5 in Spellcasting
  8927 | Lair:1   | Noticed a lindwurm
  8927 | Lair:1   | Found a dark tunnel.
  9152 | Volcano  | Entered a volcano
  9674 | D:7      | Identified a scroll of acquirement
  9682 | D:7      | Reached skill level 9 in Bows
 10025 | D:8      | Reached XP level 10. HP: 65/65 MP: 16/18
 10854 | Lair:1   | Noticed a spiny frog
 10874 | Lair:1   | Killed a spiny frog
 10929 | Lair:1   | HP: 2/65 [wolf (4)]
 10941 | Lair:1   | HP: 3/65 [wolf (5)]
 11318 | Lair:1   | Noticed a spiny frog
 11345 | Lair:1   | Killed a spiny frog
 11642 | D:9      | Noticed Leibowitz's ghost (experienced DgGl)
 12174 | Lair:1   | Reached skill level 5 in Fighting
 12339 | Lair:1   | Reached skill level 5 in Long Blades
 12485 | Lair:1   | Received a gift from Okawaru
 12533 | Lair:1   | Reached skill level 5 in Stealth
 12541 | Lair:2   | Noticed a seven-headed hydra
 12664 | Lair:2   | Noticed Gargoyl's ghost (powerful DsAK)
 12829 | Lair:1   | Reached skill level 10 in Bows
 12831 | Lair:1   | Acquired Okawaru's second power
 13019 | Lair:1   | Reached XP level 11. HP: 18/72 MP: 8/21
 14269 | D:10     | Entered Level 10 of the Dungeon
 14456 | D:10     | Noticed a hill giant
 14460 | D:10     | Killed a hill giant
 14460 | D:10     | Received a gift from Okawaru
 14460 | D:10     | Reached skill level 5 in Fire Magic
 14567 | D:10     | Noticed a hill giant
 14581 | D:10     | Killed a hill giant
 14594 | D:10     | Learned a level 4 spell: Cause Fear
 14675 | D:10     | Received a gift from Okawaru
 14701 | D:10     | Noticed a hill giant
 14728 | D:10     | Killed a hill giant
 15069 | D:10     | Found Izxibeesi's Gadget Shoppe.
 15297 | D:10     | Noticed a hill giant
 15309 | D:10     | Killed a hill giant
 15309 | D:10     | Received a gift from Okawaru
 15309 | D:10     | Reached skill level 11 in Bows
 15361 | D:10     | Found a runed door.
 15599 | D:10     | Reached skill level 5 in Evocations
 15683 | D:10     | Found a roughly hewn altar of Beogh.
 16220 | Lair:2   | HP: 3/72 [seven-headed hydra (9)]
 16220 | Lair:2   | Slain by a seven-headed hydra

Vault maps used:
D:1:      lightli_iron_boxes
D:2:      minitemple, ecumenical_altar_1
D:5:      elyvilon_altar_4, first_bread, cheibrodos_gnoll_hut
D:6:      bloody_makhleb, minmay_temple_entry_trees, serial_shops,
          nicolae_shop_crystal, grunt_dithmenos_shadows, uniq_eustachio
D:7:      vehumet_crystals, serial_shops, kennysheep_little_box,
          hangedman_decor_diamond_cutter, nicolae_underground_beach
D:8:      lair_0_dummy, nicolae_ossuary_entry_monument
D:10:     serial_shops, shop, lightli_church_of_beogh
Temple:   zaba_magenta_temple_12
Lair:1:   nicolae_volcano_entry_vermiform
Lair:2:   minivault_24, bh_autumn_forest_stairs
Ossuary:  ossuary_minmay_tomb_2a
Volcano:  volcano_lake

Action                   |  1- 3 |  4- 6 |  7- 9 | 10-12 || total
-------------------------+-------+-------+-------+-------++-------
Melee: Falchion          |       |    29 |   297 |    35 ||   361
 Fire: Shortbow          |   104 |   231 |    34 |       ||   369
       Longbow           |       |       |   187 |   453 ||   640
 Cast: Corona            |    30 |    45 |    76 |    47 ||   198
       Slow              |     8 |    15 |    44 |    37 ||   104
       Inner Flame       |       |     4 |     5 |    14 ||    23
       Conjure Flame     |       |       |     4 |    56 ||    60
       Cause Fear        |       |       |       |     1 ||     1
Invok: Heroism           |       |       |     4 |     1 ||     5
Evoke: Wand              |       |       |       |     8 ||     8
  Use: Scroll            |       |    12 |     7 |     9 ||    28
       Potion            |       |       |     7 |     5 ||    12
 Stab: Sleeping          |       |       |     1 |       ||     1
  Eat: Chunk             |     2 |    10 |    22 |    20 ||    54
       Fruit             |       |       |     1 |     1 ||     2
       Beef jerky        |       |       |       |     1 ||     1
